 Dungeon Crawl Stone Soup version 0.22-b1-21-g5cfc168 (webtiles) character file.

223039 inmateoo the Bludgeoner (level 20, -1/159 HPs)
             Began as a Human Fighter on Aug 4, 2018.
             Was a High Priest of Trog.
             Slain by a guardian serpent (15 damage)
             ... on level 4 of the Snake Pit.
             The game lasted 01:01:41 (40424 turns).

inmateoo the Bludgeoner (Human Fighter)            Turns: 40424, Time: 01:01:41

Health: -1/159     AC: 32    Str: 24    XL:     20   Next: 2%
Magic:  28/28      EV: 13    Int:  4    God:    Trog [*****.]
Gold:   1672       SH: 15    Dex: 15    Spells: 19/19 levels left

rFire    + + +     SeeInvis +   v - +9 eveningstar (drain)
rCold    + + +     Gourm    .   Q - +2 shield {reflect}
rNeg     + + .     Faith    .   M - +10 plate armour of Purpose {rF+ rC+ rN+}
rPois    +         Spirit   .   R - +1 hat "Kamechie" {rF+ rN+ Str+2 SInv}
rElec    +         Reflect  +   F - scarf {rC+ rF+}
rCorr    +         Harm     .   x - +0 pair of gloves of Fortitude {*Contam rPois Str-4 Slay+6}
MR       ++...                  U - +2 pair of boots "Puujunok" {rC+ rCorr Int-4 Dex+2}
Stlth    ..........             (no amulet)
HPRegen  0.36/turn              n - +6 ring of slaying
MPRegen  0.21/turn              a - ring "Gias" {rElec rPois MR+ Slay+6 Stlth+}

@: no status effects
A: sense surroundings 1, wild magic 1, no potion heal 1
}: 1/15 runes: decaying
a: Berserk, Trog's Hand, Brothers in Arms, Renounce Religion


You were on level 4 of the Snake Pit.
You worshipped Trog.
Trog was extremely pleased with you.
You were not hungry.

You visited 5 branches of the dungeon, and saw 31 of its levels.
You also visited: Trove, Ice Cave and Volcano.

You collected 3430 gold pieces.
You spent 1758 gold pieces at shops.

Inventory:

Hand Weapons
 v - a +9 eveningstar of draining (weapon)
Armour
 x - the +0 pair of gloves of Fortitude (worn) {*Contam rPois Str-4 Slay+6}
   (You found it on level 7 of the Dungeon)

   It affects your strength (-4).
   It affects your accuracy and damage with ranged weapons and melee attacks
   (+6).
   It protects you from poison.
   It causes magical contamination when unequipped.
 F - a scarf of resistance (worn)
 M - the +10 plate armour of Purpose (worn) {rF+ rC+ rN+}
   (You found it in a treasure trove)

   It protects you from fire.
   It protects you from cold.
   It protects you from negative energy.
 Q - a +2 shield of reflection (worn)
 R - the +1 hat "Kamechie" (worn) {rF+ rN+ Str+2 SInv}
   (You found it in a treasure trove)

   It affects your strength (+2).
   It protects you from fire.
   It protects you from negative energy.
   It lets you see invisible.
 U - the +2 pair of boots "Puujunok" (worn) {rC+ rCorr Int-4 Dex+2}
   (You found it on level 2 of the Snake Pit)

   It affects your intelligence (-4).
   It affects your dexterity (+2).
   It protects you from cold.
   It provides partial protection from all sources of acid and corrosion.
Jewellery
 a - the ring "Gias" (right hand) {rElec rPois MR+ Slay+6 Stlth+}
   (You found it on level 3 of the Snake Pit)

   [ring of protection from magic]

   It affects your accuracy and damage with ranged weapons and melee attacks
   (+6).
   It insulates you from electricity.
   It protects you from poison.
   It affects your resistance to hostile enchantments.
   It makes you more stealthy.
 n - a +6 ring of slaying (left hand)
 z - an uncursed amulet of rage {unknown}
 J - the ring of Vinwagym {Ice Str+4}
   (You found it on level 12 of the Dungeon)

   [ring of ice]

   It enhances your ice magic.
   It affects your strength (+4).
   It makes you vulnerable to fire.
   It protects you from cold.
 Y - an uncursed ring of protection from magic
Wands
 c - a wand of flame (19)
 e - a wand of scattershot (11)
 A - a wand of disintegration (11)
 D - a wand of random effects (3)
 E - a wand of enslavement (5)
 H - a wand of paralysis (26)
 I - a wand of polymorph (33)
 N - a wand of iceblast (25)
 P - a wand of acid (4)
 S - a wand of clouds (5)
Scrolls
 b - 3 scrolls of holy word
 d - 4 scrolls of fog
 h - 18 scrolls of remove curse
 p - 11 scrolls of teleportation
 t - 2 scrolls of random uselessness {unknown}
 y - 2 scrolls of fear
 K - 4 scrolls of enchant armour
 O - 6 scrolls of identify
 T - a scroll of enchant weapon
 V - 2 scrolls of brand weapon
Potions
 g - 8 potions of brilliance
 i - 3 potions of lignification
 j - 5 potions of mutation
 k - 3 potions of haste
 l - 2 potions of ambrosia {unknown}
 m - 6 potions of invisibility
 o - 11 potions of curing
 q - 2 potions of agility
 r - 9 potions of resistance
 s - 7 potions of heal wounds
 u - 4 potions of berserk rage
 w - 8 potions of cancellation
 C - 5 potions of might
 L - 3 potions of magic
Miscellaneous
 B - a lamp of fire
 G - a sack of spiders
Comestibles
 f - 40 rations


   Skills:
 + Level 14.2 Fighting
 * Level 18.9 Maces & Flails
 + Level 14.2 Armour
 + Level 11.6 Dodging
 + Level 12.4 Shields
 + Level 11.5 Evocations


You had 19 spell levels left.
You didn't know any spells.
Your spell library was empty.

Dungeon Overview and Level Annotations

Branches:
Dungeon (15/15)            Temple (0/1) D:6            Lair (6/6) D:9
  Swamp (4/4) Lair:4        Snake (4/4) Lair:2        Slime (0/5) Lair:6
    Orc (2/2) D:10            Elf (0/3) Orc:2        Vaults (0/5) D:13
 Depths (0/5) D:15

Altars:
Ashenzari
Dithmenos
Elyvilon
Fedhas
Gozag
Qazlal
Sif Muna
Trog
Uskayaw
Xom
Yredelemnul
Zin
Beogh

Shops:
D:9 **   Orc:2 *[%:   Snake:1 [

Portals:
Pandemonium: Orc:2

Annotations:
D:5 exclusion: door
Lair:3 1 runed door, Qiuf's ghost, journeyman TrWz


Innate Abilities, Weirdness & Mutations

You passively map a small area around you.
Your spells are a little harder to cast, but a little more powerful.
Potions are less effective at restoring your health.


Message History

The nagaraja hits you but does no damage.
You block the guardian serpent's attack.
The guardian serpent barely misses you.
The guardian serpent hits you but does no damage.
Unknown command.
You bludgeon the naga warrior!! You drain the naga warrior!
You kill the naga warrior!
Trog accepts your kill.
You feel sick.
The nagaraja hits you from afar with a spear!
* * * LOW HITPOINT WARNING * * *
The guardian serpent barely misses you.
The guardian serpent hits you but does no damage.
The guardian serpent hits you!
* * * LOW HITPOINT WARNING * * *
Unknown command.
Your system partially rejects the healing.
You feel better. The nagaraja closely misses you.
The guardian serpent hits you!
You die...

.#######.# #...##.....
....##....##### ##..###....
......#.......## #..# #.##.
.......#.......# #..###.##.
.......#.......## #..#......
S...... #.......## #..#.#.###
S.....?.#)......N### #......# #
NN...N.......).SS).# #..##### #
#S[.....#.....SS@#.#####..#######
,,.....#.....)N###.......÷.......
..##§.......# #...............
##.§....(...# #....##......... *
,..........# #..†.##.........
,.........### #...)##....###..
.....## #...)#......##.. , ..#.#*
#...)#.......#.# *
#...[........'.#


You could see a nagaraja, a naga sharpshooter, a mana viper and 3 guardian
serpents.

Vanquished Creatures
  Vashnia (Snake:3)
  Rupert (D:13)
  2 thorn hunters
  5 nagarajas (Snake:4)
  2 entropy weavers (Lair:6)
  A stone giant (D:13)
  A very ugly thing (Swamp:4)
  A dire elephant (Lair:6)
  Azrael (D:13)
  Snorg (D:13)
  An ettin (Orc:2)
  2 fire dragons
  An ogre mage (D:13)
  Josephine (D:13)
  Fannar (Orc:1)
  28 hydras
  9 naga warriors
  A vault guard (D:13)
  2 ghost crabs
  2 centaur warriors
  7 anacondas
  5 two-headed ogres
  A catoblepas (Lair:6)
  11 alligators
  3 tengu warriors
  A queen ant (Lair:6)
  The ghost of Wucierhi the Arsonist, a journeyman DEFE of Vehumet (D:12)
  12 death yaks
  4 shock serpents
  10 naga sharpshooters
  Urug (Lair:2)
  5 orc high priests (Orc:2)
  3 salamander mystics
  A sun demon (Orc:2)
  A sixfirhy (Orc:2)
  5 skeletal warriors (D:15)
  A wizard (Swamp:1)
  An unseen horror (D:10)
  A gelid demonspawn (Orc:2)
  2 torturous demonspawn (Orc:2)
  4 shambling mangroves (Swamp:4)
  2 spriggan druids (Swamp:4)
  7 swamp dragons
  Pikel (D:6)
  6 lindwurms
  4 orc knights (Orc:2)
  A naga ritualist (Snake:1)
  3 manticores
  An oklob plant (Lair:4)
  4 mana vipers
  8 orc sorcerers
  A wolf spider (D:15)
  6 deep elf magi
  6 cyclopes
  22 ugly things
  3 centaur zombies
  A cyclops (shapeshifter) (D:15)
  15 salamanders
  8 elephants
  2 ice statues (IceCv)
  7 guardian serpents
  A torpor snail (shapeshifter) (D:15)
  3 torpor snails
  10 naga magi
  27 black mambas
  9 spiny frogs
  2 gargoyles
  An orange demon (Orc:2)
  14 rime drakes
  A kobold demonologist (D:13)
  A freezing wraith (D:14)
  A yaktaur (D:13)
  An ice devil (Orc:2)
  A hellwing (Orc:2)
  5 komodo dragons
  A meliai (D:14)
  6 trolls
  Grinder (D:3)
  A merfolk (D:15)
  7 tyrant leeches
  25 blink frogs
  5 hippogriffs
  20 hornets
  12 bog bodies
  8 dream sheep
  11 slime creatures
  Sigmund (D:2)
  16 spriggans
  A vampire (D:11)
  5 wraiths
  A ynoxinul (Orc:2)
  2 shadows
  6 fire bats (Volcano)
  4 hogs (D:7)
  11 wyverns
  A human (D:7)
  28 yaks
  A hungry ghost (D:14)
  3 basilisks
  11 steam dragons
  3 fire elementals (D:13)
  33 vampire mosquitoes
  31 nagas
  Menkaure (D:7)
  18 swamp worms
  18 soldier ants (Lair:6)
  24 insubstantial wisps
  A warg (Orc:1)
  2 acid dragons
  19 swamp drakes
  5 porcupines
  15 water moccasins
  3 black bears
  4 hell hounds (D:13)
  8 sky beasts
  13 ice beasts
  30 orc warriors
  A hornet zombie (D:13)
  2 eyes of draining
  18 wolves
  12 ogres
  2 phantoms
  6 centaurs
  9 crocodiles
  3 big kobolds
  11 bullfrogs
  A wyvern zombie (D:11)
  A water moccasin zombie (D:6)
  A wyvern skeleton (D:14)
  4 scorpions
  8 killer bees
  6 wights
  6 electric eels
  4 howler monkeys
  10 crimson imps
  A bullfrog zombie (D:7)
  6 centaur skeletons
  15 jellies
  12 hounds
  2 bullfrog skeletons
  10 orc wizards
  17 orc priests
  6 iguanas
  Terence (D:3)
  Natasha (thrice) (D:2)
  28 worker ants
  A hell rat (Lair:6)
  A killer bee zombie (D:8)
  Robin (D:4)
  A howler monkey skeleton (D:5)
  13 adders
  A shadow imp (D:8)
  12 white imps (Lair:4)
  2 oozes
  3 adder skeletons
  An adder zombie (D:6)
  3 worms
  6 leopard geckos
  79 orcs
  11 bats
  3 giant cockroaches
  16 goblins
  8 hobgoblins
  4 jackals
  5 quokkas
  6 frilled lizards
  A jackal skeleton (D:5)
  18 kobolds
  4 quokka skeletons
  11 rats
  A fungus (D:8)
  3 plants (Lair:4)
1166 creatures vanquished.

Vanquished Creatures (collateral kills)
  2 hydras (Swamp:4)
  A shambling mangrove (Swamp:4)
  A swamp dragon (Swamp:4)
  A salamander (Snake:4)
  A spiny frog (Swamp:4)
  A hornet (Swamp:4)
7 creatures vanquished.

Vanquished Creatures (others)
  A centaur warrior (D:13)
  A naga sharpshooter (Snake:4)
  A rime drake (Lair:4)
  2 steam dragons
  A swamp worm (Swamp:1)
  2 bullfrogs
  An electric eel (D:9)
  A worker ant (D:7)
  A frilled lizard (D:5)
  3 kobolds (D:7)
  3 fungi
  23 plants
  A withered plant (D:12)
41 creatures vanquished.

Grand Total: 1214 creatures vanquished

Notes
Turn   | Place    | Note
-------+----------+-------------------------------------------
     0 | D:1      | inmateoo the Human Fighter began the quest for the Orb.
     0 | D:1      | Reached XP level 1. HP: 18/18 MP: 1/1
   129 | D:1      | Reached XP level 2. HP: 18/24 MP: 2/2
   430 | D:1      | Reached XP level 3. HP: 29/29 MP: 3/3
  1006 | D:2      | Noticed Sigmund
  1026 | D:2      | Gained mutation: You passively map a small area around you. [potion of mutation]
  1026 | D:2      | Gained mutation: Potions are less effective at restoring your health. [potion of mutation]
  1026 | D:2      | Gained mutation: Your spells are a little harder to cast, but a little more powerful. [potion of mutation]
  1031 | D:2      | Killed Sigmund
  1031 | D:2      | Reached skill level 4 in Maces & Flails
  1031 | D:2      | Reached XP level 4. HP: 13/37 MP: 4/4
  1031 | D:2      | Reached XP level 5. HP: 15/42 MP: 5/5
  1031 | D:2      | Reached XP level 6. HP: 17/48 MP: 6/6
  1738 | D:2      | Noticed Natasha
  1742 | D:2      | Killed Natasha
  2082 | D:2      | Noticed Natasha
  2089 | D:2      | Killed Natasha
  2202 | D:2      | Noticed Natasha
  2214 | D:2      | Killed Natasha
  2394 | D:3      | Reached XP level 7. HP: 54/54 MP: 7/7
  2424 | D:3      | Found a bloodstained altar of Trog.
  2515 | D:3      | Became a worshipper of Trog the Wrathful
  2581 | D:3      | Noticed Terence
  2605 | D:3      | Killed Terence
  2680 | D:3      | Reached skill level 5 in Maces & Flails
  2752 | D:3      | Noticed Grinder
  2770 | D:3      | Killed Grinder
  3009 | D:3      | Found a basalt altar of Yredelemnul.
  3046 | D:3      | Reached XP level 8. HP: 59/61 MP: 8/8
  3604 | D:4      | Reached skill level 5 in Fighting
  3604 | D:4      | Reached skill level 6 in Maces & Flails
  3604 | D:4      | Reached skill level 5 in Armour
  3616 | D:4      | Noticed Robin
  3750 | D:4      | Killed Robin
  3882 | D:4      | Reached * piety under Trog
  3940 | D:4      | Got a brightly glowing platinum ring
  3941 | D:4      | Identified the ring of the Queen {rF++ Stlth+} (You found it on level 4 of the Dungeon)
  4367 | D:5      | Entered Level 5 of the Dungeon
  4453 | D:5      | Reached skill level 7 in Maces & Flails
  4528 | D:5      | Found a blossoming altar of Fedhas.
  4545 | D:5      | Found a stormy altar of Qazlal.
  4681 | D:5      | Noticed Prince Ribbit
  4702 | D:5      | Noticed Prince Ribbit
  4702 | D:5      | Prince Ribbit changed into Prince Ribbit the water moccasin
  4714 | D:5      | Killed Prince Ribbit the water moccasin
  4714 | D:5      | Reached XP level 9. HP: 50/69 MP: 9/9
  5212 | D:5      | Reached skill level 8 in Maces & Flails
  5793 | D:6      | Found a shimmering altar of Xom.
  5918 | D:6      | Found a shadowy altar of Dithmenos.
  5996 | D:6      | Reached skill level 9 in Maces & Flails
  6242 | D:6      | Found a staircase to the Ecumenical Temple.
  6292 | D:6      | Reached ** piety under Trog
  6292 | D:6      | Reached XP level 10. HP: 68/79 MP: 10/10
  6469 | D:7      | Noticed Pikel
  6487 | D:6      | Killed Pikel
  6773 | D:7      | Noticed Menkaure
  6815 | D:7      | Reached skill level 10 in Maces & Flails
  6866 | D:7      | Killed Menkaure
  6874 | D:7      | Found a hide-covered altar of Uskayaw.
  6983 | D:7      | Got a pair of fine gloves
  6989 | D:7      | Identified the cursed +0 pair of gloves of Fortitude {*Contam rPois Str-4 Slay+6} (You found it on level 7 of the Dungeon)
  7565 | D:7      | Found a deep blue altar of Sif Muna.
  7830 | D:8      | Found a white marble altar of Elyvilon.
  7942 | D:8      | Noticed a lindwurm
  7942 | D:8      | Noticed a lindwurm
  8038 | D:8      | Noticed a lindwurm
  8059 | D:8      | Noticed a lindwurm
  8187 | D:8      | Killed a lindwurm
  8360 | D:8      | Killed a lindwurm
  8360 | D:8      | Reached skill level 11 in Maces & Flails
  8360 | D:8      | Reached XP level 11. HP: 21/87 MP: 11/11
  8649 | D:8      | Killed a lindwurm
  8667 | D:8      | Killed a lindwurm
  8734 | D:9      | Reached *** piety under Trog
  8758 | D:9      | Found Gozag's Platinum Reserve.
  8819 | D:9      | Found an opulent altar of Gozag.
  8899 | D:9      | Found a staircase to the Lair.
 10203 | D:9      | Found Gero's Assorted Antiques.
 10211 | D:9      | Bought a steaming chain mail for 256 gold pieces
 10211 | D:9      | Bought a runed helmet for 202 gold pieces
 10231 | D:9      | Identified the +4 chain mail "Ischon" {*Drain +Fly rPois} (You bought it in a shop on level 9 of the Dungeon)
 10600 | D:10     | Entered Level 10 of the Dungeon
 10609 | D:10     | Reached skill level 12 in Maces & Flails
 10621 | D:10     | Noticed an unseen horror
 10628 | D:10     | Killed an unseen horror
 10722 | D:10     | Received a gift from Trog
 10822 | D:10     | Found a staircase to the Orcish Mines.
 10837 | D:10     | Reached skill level 1 in Dodging
 10837 | D:10     | Reached skill level 1 in Evocations
 10865 | D:10     | Found a roughly hewn altar of Beogh.
 10921 | D:10     | Reached **** piety under Trog
 11391 | D:11     | Reached XP level 12. HP: 48/95 MP: 13/13
 11720 | D:11     | Noticed a two-headed ogre
 11731 | D:11     | Killed a two-headed ogre
 11731 | D:11     | Reached skill level 5 in Shields
 11909 | D:11     | Reached ***** piety under Trog
 12211 | D:12     | Noticed an eight-headed hydra
 12221 | D:12     | Killed an eight-headed hydra
 12724 | D:12     | Reached skill level 13 in Maces & Flails
 12958 | D:12     | Found a runed door.
 12959 | D:12     | Noticed Wucierhi's ghost (journeyman DEFE)
 13063 | D:12     | Killed Wucierhi's ghost
 13063 | D:12     | Reached skill level 10 in Fighting
 13068 | D:12     | Got a wavering golden ring
 13072 | D:12     | Identified the ring of Vinwagym {Ice Str+4} (You found it on level 12 of the Dungeon)
 13160 | D:12     | Reached skill level 10 in Armour
 13291 | D:13     | Noticed Azrael
 13325 | D:13     | Reached XP level 13. HP: 103/103 MP: 16/16
 13345 | D:13     | Killed Azrael
 13844 | D:13     | Noticed Snorg
 13854 | D:13     | Killed Snorg
 13969 | D:13     | Noticed Rupert
 13990 | D:13     | Killed Rupert
 14283 | D:13     | Reached skill level 5 in Evocations
 14599 | D:13     | Received a gift from Trog
 14661 | D:13     | Reached skill level 5 in Dodging
 14669 | D:13     | Noticed Josephine
 14678 | D:13     | Killed Josephine
 14819 | D:13     | Noticed an ogre mage
 14826 | D:13     | Killed an ogre mage
 14837 | D:13     | Noticed a stone giant
 14838 | D:13     | Noticed a centaur warrior
 15195 | D:13     | Killed a centaur warrior
 15469 | D:13     | Reached skill level 14 in Maces & Flails
 15679 | D:13     | Killed a stone giant
 15709 | D:13     | Noticed a vault guard
 15730 | D:13     | Killed a vault guard
 15841 | D:13     | Reached XP level 14. HP: 110/111 MP: 18/18
 15846 | D:13     | Found a gate to the Vaults.
 16191 | D:14     | Paralysed by a hornet for 3 turns
 16363 | D:14     | Found a portal to a secret trove of treasure.
 16480 | D:14     | Found a shattered altar of Ashenzari.
 16499 | D:14     | Received a gift from Trog
 16742 | D:15     | Entered Level 15 of the Dungeon
 17142 | D:15     | Reached skill level 15 in Maces & Flails
 17277 | D:15     | Reached XP level 15. HP: 117/119 MP: 20/20
 18018 | D:15     | Found a staircase to the Depths.
 18020 | D:15     | Paralysed by a floating eye for 2 turns
 18483 | Orc:1    | Entered Level 1 of the Orcish Mines
 18766 | Orc:2    | Entered Level 2 of the Orcish Mines
 18898 | Orc:2    | Found a staircase to the Elven Halls.
 18968 | Orc:2    | Found Wuwic's General Store.
 19231 | Orc:1    | Noticed Fannar
 19256 | Orc:1    | Killed Fannar
 19523 | Orc:2    | Found Seopn's Food Boutique.
 19651 | Orc:2    | Received a gift from Trog
 20121 | Orc:2    | Bought a scroll of identify for 30 gold pieces
 20121 | Orc:2    | Bought 2 potions of curing for 90 gold pieces
 20916 | Orc:2    | Found Rurubu's Book Emporium.
 20916 | Orc:2    | Found Dasihy's Antique Armour Shoppe.
 20917 | Orc:2    | Found a one-way gate leading to the halls of Pandemonium.
 21097 | Lair:1   | Entered Level 1 of the Lair of Beasts
 21786 | Lair:2   | Found a staircase to the Snake Pit.
 21858 | Lair:2   | Found a dark tunnel.
 21901 | Volcano  | Entered a volcano
 21922 | Volcano  | Reached XP level 16. HP: 92/127 MP: 7/22
 22011 | Volcano  | Received a gift from Trog
 22161 | Volcano  | Reached skill level 16 in Maces & Flails
 22434 | Lair:2   | Noticed Urug
 22440 | Lair:2   | Killed Urug
 23051 | Lair:3   | Noticed Sonja
 23053 | Lair:3   | Noticed Sonja
 23053 | Lair:3   | Sonja changed into Sonja the blink frog
 23061 | Lair:3   | Killed Sonja the blink frog
 23331 | Lair:3   | Found a runed door.
 23331 | Lair:3   | Noticed Qiuf's ghost (journeyman TrWz)
 24124 | Lair:4   | Reached ****** piety under Trog
 24124 | Lair:4   | Received a gift from Trog
 24292 | Lair:4   | Found a frozen archway.
 24322 | IceCv    | Entered an ice cave
 24323 | IceCv    | Found a transporter.
 24634 | IceCv    | Got a slimy chain mail
 24637 | IceCv    | Identified the +2 chain mail of Guotouj {rC+ Regen+ Stlth+} (You found it in an ice cave)
 24653 | IceCv    | Found a transporter.
 24752 | Lair:4   | Found a glowing silver altar of Zin.
 24810 | Lair:4   | Reached skill level 10 in Shields
 24982 | Lair:4   | You fall through a shaft for 2 floors!
 24982 | Lair:6   | Entered Level 6 of the Lair of Beasts
 25766 | Lair:6   | Received a gift from Trog
 25778 | Lair:6   | Reached XP level 17. HP: 69/135 MP: 7/23
 25931 | Lair:6   | Found a staircase to the Slime Pits.
 26861 | Lair:5   | Received a gift from Trog
 27149 | Lair:4   | Reached skill level 17 in Maces & Flails
 27312 | Lair:4   | Found a staircase to the Swamp.
 27609 | D:9      | Bought the cursed -2 pair of boots of the Tormentor {rC+ Int+3} for 1180 gold pieces
 27795 | D:14     | You paid a toll of the boots of the Tormentor to enter a treasure trove
 27796 | Trove    | Entered a treasure trove
 27799 | Trove    | Found the +3 pair of gauntlets of War {Slay+5}
 27810 | Trove    | Got a brightly glowing plate armour
 27821 | Trove    | Identified the +10 plate armour of Purpose {rF+ rC+ rN+} (You found it in a treasure trove)
 27849 | Trove    | Got an amber-encrusted plate armour
 27860 | Trove    | Identified the +9 plate armour of Failure {rC+++ MP+9 Int-2 Stlth+} (You found it in a treasure trove)
 27904 | Trove    | Got a heavily runed hat
 27915 | Trove    | Identified the +1 hat "Kamechie" {rF+ rN+ Str+2 SInv} (You found it in a treasure trove)
 28180 | Swamp:1  | Entered Level 1 of the Swamp
 28899 | Swamp:1  | HP: 6/135 [ghost crab (12)]
 30149 | Swamp:1  | Reached skill level 10 in Dodging
 30168 | Swamp:1  | Reached skill level 10 in Evocations
 30175 | Swamp:1  | Received a gift from Trog
 31154 | Swamp:2  | Reached XP level 18. HP: 117/143 MP: 8/25
 31686 | Swamp:4  | Entered Level 4 of the Swamp
 32088 | Swamp:4  | Identified the +3 chain mail of the Sun {rC++ Str-2 Slay+2 Stlth+} (You found it on level 4 of the Swamp)
 32767 | Swamp:4  | Paralysed by a hornet for 1 turns
 33411 | Swamp:4  | Received a gift from Trog
 34737 | Swamp:4  | Reached skill level 18 in Maces & Flails
 35563 | Swamp:4  | Got a decaying rune of Zot
 35652 | Swamp:1  | Received a gift from Trog
 35752 | Snake:1  | Entered Level 1 of the Snake Pit
 36189 | Snake:1  | Found Kunia's Armour Shoppe.
 36278 | Snake:1  | Reached XP level 19. HP: 131/151 MP: 27/27
 36926 | Snake:1  | Identified the +5 great mace of Jaffeicw {crush, rC+ MR+ Stlth-} (You found it on level 1 of the Snake Pit)
 37498 | Snake:2  | Identified the +2 pair of boots "Puujunok" {rC+ rCorr Int-4 Dex+2} (You found it on level 2 of the Snake Pit)
 38383 | Snake:3  | Received a gift from Trog
 38493 | Snake:3  | Got a twitching bronze ring
 38494 | Snake:3  | Identified the ring "Gias" {rElec rPois MR+ Slay+6 Stlth+} (You found it on level 3 of the Snake Pit)
 38798 | Snake:3  | Noticed Vashnia
 38844 | Snake:3  | Killed Vashnia
 39493 | Snake:4  | Entered Level 4 of the Snake Pit
 39510 | Snake:4  | HP: 1/152 [nagaraja/spear (12)]
 40374 | Snake:4  | Received a gift from Trog
 40406 | Snake:4  | Reached XP level 20. HP: 148/159 MP: 28/28
 40424 | Snake:4  | Slain by a guardian serpent

Skill      XL: |  1  2  3  4  5  6  7  8  9 10 11 12 13 14 15 16 17 18 19 |
---------------+----------------------------------------------------------+-----
Maces & Flails | 4 5 7 9 11 12 13 14 15 16 17 18 | 18.9
Armour         | 4 5 7 8 9 10 11 12 13 14 | 14.2
Fighting       | 4 5 7 8 9 10 11 12 13 14 | 14.2
Shields        | 4 6 7 8 9 10 11 12 | 12.4
Dodging        | 1 4 5 7 8 9 10 11 | 11.6
Evocations     | 1 4 5 7 8 9 10 11 | 11.5

Action                   |  1- 3 |  4- 6 |  7- 9 | 10-12 | 13-15 | 16-18 | 19-21 || total
-------------------------+-------+-------+-------+-------+-------+-------+-------++-------
Melee: Flail             |   142 |   131 |   525 |   657 |   853 |       |       ||  2308
       Mace              |       |       |       |    60 |       |       |       ||    60
       Whip              |       |       |       |    26 |       |       |       ||    26
       Morningstar       |       |       |       |       |   274 |  1810 |       ||  2084
       Eveningstar       |       |       |       |       |       |    72 |   397 ||   469
Invok: Berserk           |       |       |       |     6 |    20 |    16 |     1 ||    43
       Trog's Hand       |       |       |       |     2 |     4 |    11 |     4 ||    21
       Brothers in Arms  |       |       |       |       |       |     4 |       ||     4
 Abil: Evoke Flight      |       |       |       |       |       |     1 |       ||     1
Evoke: Wand              |       |       |     5 |    24 |       |     5 |       ||    34
       Lamp of fire      |       |       |       |       |       |     1 |       ||     1
       Box of beasts     |       |       |       |       |       |       |     2 ||     2
  Use: Potion            |     4 |       |     1 |       |     3 |     4 |     2 ||    14
       Scroll            |       |     8 |     4 |    13 |     5 |    23 |     6 ||    59
 Stab: Confused          |       |       |       |       |       |     2 |       ||     2
  Eat: Chunk             |       |     5 |    13 |    24 |    16 |    17 |     3 ||    78
       Ration            |       |       |       |     2 |    10 |    15 |     5 ||    32
Armor: Scale mail        |    27 |       |   192 |    42 |       |       |       ||   261
       Plate armour      |    64 |    16 |       |   123 |       |   726 |   179 ||  1108
       Chain mail        |       |    59 |    42 |   161 |   377 |   392 |       ||  1031
Dodge: Dodged            |    19 |    29 |   131 |   147 |   247 |   798 |   171 ||  1542
Block: Shield            |    80 |    64 |   269 |   301 |   539 |  1419 |   353 ||  3025
       Reflection        |       |       |       |       |    15 |    33 |    55 ||   103
